 Dungeon Crawl Stone Soup version 0.26-a0-542-gbaa144ba5c (webtiles) character file.

Game seed: 11251770293576911298

241 Aksej the Chopper (level 5, -3/39 HPs)
             Began as a Demonspawn Gladiator on Aug 17, 2020.
             Was an Initiate of Qazlal.
             Slain by Edmund
             ... wielding a +5 flail of protection
              (7 damage)
             ... on level 4 of the Dungeon.
             The game lasted 00:09:58 (3676 turns).

Aksej the Chopper (Demonspawn Gladiator)            Turns: 3676, Time: 00:09:59

Health: -3/39      AC:  7    Str: 12 (14) XL:     5   Next: 80%
Magic:  5/5        EV: 13    Int:  8 (10) God:    Qazlal [......]
Gold:   180        SH:  0    Dex: 13 (15) Spells: 4/4 levels left

rFire    . . .     SeeInvis .   a - +0 war axe
rCold    . . .     Faith    .   (no shield)
rNeg     . . .     Spirit   .   b - +0 leather armour
rPois    .         Reflect  .   (helmet restricted)
rElec    .         Harm     .   (no cloak)
rCorr    .                      g - +1 pair of gloves
MR       .....                  (no boots)
Stlth    +.........             (no amulet)
HPRegen  0.13/turn              (no ring)
MPRegen  0.09/turn              (no ring)

@: about to teleport, lightly drained
A: horns 2, thin metallic scales 1, powered by pain 1
a: Renounce Religion


You were on level 4 of the Dungeon.
You worshipped Qazlal.
Qazlal was noncommittal.
You visited 1 branch of the dungeon, and saw 4 of its levels.

You collected 180 gold pieces.

Inventory:

Hand Weapons
 a - a +0 war axe (weapon)
Missiles
 d - 3 throwing nets (quivered)
Armour
 b - a +0 leather armour (worn)
 g - a +1 pair of gloves (worn)
Scrolls
 f - 3 scrolls of amnesia
 h - a scroll of fog
 l - a scroll of remove curse


   Skills:
 + Level 2.6(2.5) Fighting
 * Level 5.1(5.0) Axes
 + Level 2.0(1.9) Throwing
 + Level 1.0 Armour
 + Level 3.4(3.3) Dodging


You had 4 spell levels left.
You didn't know any spells.
Your spell library was empty.

Dungeon Overview and Level Annotations

Branches:
Dungeon (4/15)
 Temple: D:4-7

Altars:
Cheibriados
Gozag
Kikubaaqudgha
Nemelex Xobeh
Qazlal
Uskayaw
Vehumet

Annotations:
D:4 Edmund


Innate Abilities, Weirdness & Mutations

You have a pair of horns on your head.
You are partially covered in thin metallic scales. (AC +2)
You sometimes gain a little power by taking damage.


Message History

You barely miss Edmund. You headbutt Edmund, but do no damage.
Edmund is lightly wounded.
Edmund closely misses you.
You hit Edmund but do no damage.
Edmund is lightly wounded.
Edmund hits you with a +5 flail of protection.
* * * LOW HITPOINT WARNING * * *
You slash Edmund! You headbutt Edmund.
Edmund is moderately wounded.
Edmund hits you with a +5 flail of protection.
* * * LOW HITPOINT WARNING * * *
You hit Edmund.
Edmund is heavily wounded.
Edmund hits you with a +5 flail of protection.
* * * LOW HITPOINT WARNING * * *
Okay, then.
As you read the scroll of teleportation, it crumbles to dust.
You feel strangely unstable.
Edmund hits you with a +5 flail of protection!
You die...

...... ##. #.#
......##.# #.#
.........# ##.#
#?......###..## .##
##≈≈.≈≈...#....# ...
w≈≈≈≈≈≈≈.......## ....
≈≈≈≈≈≈≈≈≈≈#.....## .....
≈≈≈≈!.w≈#≈≈#.....##.....
#≈≈..⌠≈≈≈≈≈.##..@@......
≈≈≈≈..≈≈#≈≈###....#.....
≈≈#≈.≈≈≈≈≈≈≈≈##..## .##
≈#≈.<.≈≈≈##≈≈##..#
#≈≈?<.≈≈≈≈≈≈w.#.##
≈≈≈.)[≈≈≈≈≈≈≈....#
≈≈≈≈.≈≈≈#≈≈≈≈###..#
≈≈≈≈.≈≈≈≈≈≈≈## #....
≈≈≈..≈.≈≈≈#.# #.###


You could see Edmund.

Vanquished Creatures
  An orc priest (D:3)
  A bullfrog skeleton (D:4)
  4 gnolls (D:3)
  4 adders
  An ooze (D:1)
  A worm (D:3)
  4 dart slugs
  A leopard gecko (D:1)
  5 orcs (D:3)
  8 bats
  7 giant cockroaches
  5 goblins
  6 hobgoblins
  15 jackals
  3 quokkas
  A ball python (D:3)
  2 frilled lizards
  11 kobolds
  3 rats
83 creatures vanquished.

Notes
Turn   | Place    | Note
-------+----------+-------------------------------------------
     0 | D:1      | Aksej the Demonspawn Gladiator began the quest for the Orb.
     0 | D:1      | Reached XP level 1. HP: 16/16 MP: 1/1
    55 | D:1      | Reached skill level 3 in Axes
    55 | D:1      | Gained mutation: You are partially covered in thin metallic
                  | scales. (AC +2) [demonic ancestry]
    55 | D:1      | Reached XP level 2. HP: 22/22 MP: 2/2
   692 | D:2      | Gained mutation: You sometimes gain a little power by
                  | taking damage. [demonic ancestry]
   692 | D:2      | Reached XP level 3. HP: 27/27 MP: 3/3
  1257 | D:2      | Found a snail-covered altar of Cheibriados.
  1845 | D:3      | Gained mutation: You have a pair of small horns on your
                  | head. [demonic ancestry]
  1845 | D:3      | Reached XP level 4. HP: 33/33 MP: 4/4
  1915 | D:3      | Found an opulent altar of Gozag.
  1969 | D:3      | Reached skill level 4 in Axes
  2509 | D:3      | Gained mutation: You have a pair of horns on your head.
                  | [demonic ancestry]
  2509 | D:3      | Reached XP level 5. HP: 37/39 MP: 5/5
  3159 | D:3      | Found a hide-covered altar of Uskayaw.
  3159 | D:3      | Found an ancient bone altar of Kikubaaqudgha.
  3164 | D:3      | Found a sparkling altar of Nemelex Xobeh.
  3166 | D:3      | Found a radiant altar of Vehumet.
  3167 | D:3      | Found a stormy altar of Qazlal.
  3178 | D:3      | Became a worshipper of Qazlal Stormbringer
  3295 | D:4      | Noticed Edmund
  3669 | D:4      | Reached skill level 5 in Axes
  3669 | D:4      | Reached skill level 1 in Armour
  3676 | D:4      | Slain by Edmund

Illustrated notes

Levels and vault maps discovered:
D:1:      erik_arrival_triangle_medium, layout_rooms, minmay_tree_intersection
D:2:      layout_basic, lemuel_doored_altar, kennysheep_decorative_pillar,
          minmay_parallelograms
D:3:      layout_loops_ring, grunt_gozag_breadcrumbs,
          chequers_temple_overflow_minitemple
D:4:      kennysheep_slugbush, layout_layer_cave, uniq_edmund, uniq_menkaure,
          uniq_robin

Skill      XL: |  1  2  3  4  5 |
---------------+----------------+-----
Axes           | 3 4 5 |  5.1
Dodging        | 3 |  3.4
Throwing       | 2 |  2.0
Armour         | 1 |  1.0
Fighting       | |  2.6

Action                   |  1- 3 |  4- 6 || total
-------------------------+-------+-------++-------
Melee: War axe           |   113 |   115 ||   228
       Headbutt          |       |    22 ||    22
Throw: Throwing net      |       |     4 ||     4
  Use: Scroll            |    10 |     2 ||    12
       Potion            |     2 |     4 ||     6
 Stab: Held in net/web   |       |     1 ||     1
Armor: Leather armour    |    45 |    43 ||    88
Dodge: Dodged            |    98 |    88 ||   186

Table legend: (Time is in decaauts)
 A = Elapsed time spent in this place.
 B = Non-inter-level travel time spent in this place.
 C = Inter-level travel time spent in this place.
 D = Time resting spent in this place.
 E = Time spent auto-exploring this place.
 F = Levels seen in this place.
 G = Mean time per level.
                   A        B        C        D        E       F      G
               +--------+--------+--------+--------+--------+-----+--------+
         Total |   3752 |   3647 |    105 |    104 |   2947 |   4 |  938.0 |
       Dungeon |   3752 |   3647 |    105 |    104 |   2947 |   4 |  938.0 |
               +--------+--------+--------+--------+--------+-----+--------+

Top non-repeatable levels by time:
     D:3: 1818 daAuts
     D:2: 1174 daAuts
     D:1: 696 daAuts
     D:4: 62 daAuts
